 Dungeon Crawl Stone Soup version 0.14.1-24-gbdbe590 (webtiles) character file.

229696 Nowbl the Peltast (level 18, -2/169 HPs)
             Began as a Minotaur Fighter on May 15, 2014.
             Was the Champion of Okawaru.
             Slain by a harpy (5 damage)
             ... summoned by Kirke
             ... on Level 5 of the Shoals on June 30, 2014.
             The game lasted 04:18:40 (31602 turns).

Nowbl the Peltast (Minotaur Fighter)               Turns: 31602, Time: 04:18:40

HP  -2/169       AC  0     Str 27      XL: 18   Next: 69%
MP   7/7         EV 13     Int  5      God: Okawaru [******]
Gold 1571        SH  0     Dex 12      Spells:  0 memorised, 17 levels left

rFire  . . .     SeeInvis .     h - melded +6,+9 spear of Xuyqoyve {elec, rElec rPois}
rCold  . . .     Clarity  +     s - melded +8 plate armour "Baunai" {Int+1 Dam+3 SInv}
rNeg   . . .     Conserve .     E - melded +1 shield {reflect}
rPois  .         rCorr    .     r - melded +2 hat
rElec  .         rRot     .     q - melded +1 cloak
SustAb . .       Spirit   .     p - melded +0 pair of gloves {Dex+3}
rMut   .         Warding  .     F - melded +2 pair of boots {+Jump}
Saprov . . .     Stasis   .     N - amulet of clarity
MR     +....                    S - melded ring "Ynloklun" {Contam Str+2 Dam+4}
                                y - melded ring of regeneration

@: pig-form, very quick, somewhat resistant to hostile enchantments, very
unstealthy
A: (retaliatory headbutt), (horns 0), robust 1
a: Heroism, Finesse, Renounce Religion
}: 1/15 runes: serpentine


You were on level 5 of the Shoals.
You worshipped Okawaru.
Okawaru was exalted by your worship.
You were not hungry.
You were a filthy swine.
You visited 5 branches of the dungeon, and saw 30 of its levels.
You also visited: Sewer, Bailey and Volcano.

You collected 2140 gold pieces.
You spent 569 gold pieces at shops.

Inventory:

Hand weapons
 b - a +6,+0 morningstar of holy wrath
 f - a +3,+2 vampiric trident
 h - the +6,+9 spear of Xuyqoyve (melded) {elec, rElec rPois}
   (You found it on level 10 of the Dungeon)

   Occasionally, upon striking a foe, it will discharge some electrical energy
   and cause terrible harm.
   It insulates you from electricity.
   It protects you from poison.
 u - a +0,+0 vampiric spear
 C - a +1,+1 trident of dragon slaying
 H - a +0,+1 demon trident
 X - a +0,+1 vampiric spear
Armour
 a - the +2 pair of gloves of Fun {Int+2}
   (Okawaru gifted it to you on level 2 of the Snake Pit)

   It affects your intelligence (+2).
 p - a +0 pair of gloves of dexterity (melded)
 q - a +1 cloak (melded)
 r - a +2 hat (melded)
 s - the +8 plate armour "Baunai" (melded) {Int+1 Dam+3 SInv}
   (Okawaru gifted it to you on level 4 of the Lair of Beasts)

   It affects your intelligence (+1).
   It affects your damage with ranged weapons and melee attacks (+3).
   It enhances your eyesight.
 E - a +1 shield of reflection (melded)
 F - a +2 pair of boots of jumping (melded)
 G - a +2 robe of magic resistance
Magical devices
 c - a wand of enslavement (10)
 D - a wand of disintegration (3)
 K - a wand of paralysis (9)
 U - a wand of teleportation (7)
Comestibles
 v - a rotting chunk of wind drake flesh
 J - 11 meat rations
Scrolls
 j - 2 scrolls of fear
 l - a scroll of magic mapping
 m - a scroll of teleportation
 w - 2 scrolls of fog
 x - a scroll of identify
Jewellery
 d - an uncursed ring of poison resistance
 k - an uncursed ring of protection from fire {unknown}
 n - an uncursed amulet of inaccuracy {unknown}
 o - an uncursed ring of teleport control {unknown}
 t - an uncursed ring of protection from magic
 y - a ring of regeneration (melded)
 B - an uncursed amulet of stasis
 I - an uncursed ring of wizardry {unknown}
 N - an amulet of clarity (around neck)
 S - the ring "Ynloklun" (melded) {Contam Str+2 Dam+4}
   (You found it on level 9 of the Dungeon)

   [ring of strength]

   It affects your strength (+2).
   It affects your damage with ranged weapons and melee attacks (+4).
   It causes magical contamination when unequipped.
 Y - an uncursed ring of protection from cold
Potions
 e - 5 potions of might
 g - 5 potions of heal wounds
 i - 10 potions of curing
 z - 3 potions of haste
 A - 4 potions of restore abilities
 V - 3 potions of agility


   Skills:
 + Level 12.2 Fighting
 - Level 12.1 Maces & Flails
 * Level 19.6 Polearms
 + Level 15.1 Armour
 * Level 24.7 Shields


You had 17 spell levels left.
You didn't know any spells.

Dungeon Overview and Level Annotations

Branches:
Dungeon (11/15)            Temple (1/1) D:6             Orc (0/4) D:9
   Lair (8/8) D:11         Shoals (5/5) Lair:4        Snake (5/5) Lair:4
  Slime (0/6) Lair:8

Altars:
Ashenzari
Dithmenos
Elyvilon
Kikubaaqudgha
Nemelex Xobeh
Okawaru
Trog
Yredelemnul
Zin
Jiyva

Shops:
D:5 [   D:9 %   D:11 (   Snake:1 %   Snake:2 %

Annotations:
Shoals:5 Kirke


Innate Abilities, Weirdness & Mutations

((You reflexively headbutt those who attack you in melee.))*
((You have a pair of horns on your head.))*
You are robust (+10% HP).


Message History

The merfolk hits you from afar with a glaive!
The harpy barely misses you. The harpy closely misses you. The hog bites you!
The merfolk misses you.
Use which ability? (? or * to list)
Okay, then.
Drink which item? (? for menu, Esc to quit)
You feel much better.
The harpy screeches!
The harpy claws you! x2
The harpy claws you. x3
The harpy closely misses you.
The merfolk impaler hits you from afar with a trident!
* * * LOW HITPOINT WARNING * * *
The hog bites you.
* * * LOW HITPOINT WARNING * * *
The merfolk impaler hits you from afar with a trident!
* * * LOW HITPOINT WARNING * * *
The harpy screeches!
The harpy claws you.
You die...

P...≈≈≈≈≈≈## #.≈≈......
≈≈....≈≈≈≈<# #..≈......
≈≈≈....≈≈≈≈.# ##≈≈......
≈≈.....≈≈≈≈.## #.≈≈≈.....
≈≈.....l≈....## #.≈≈≈.....
≈≈.....mm......#
#...≈≈....
≈≈.......h.≈≈..#
##..≈≈..#.
≈≈....hm@HH≈..## #..≈.)###
≈.....≈≈Hh..######..≈.)##<
≈≈≈.≈≈≈≈≈≈.≈#≈#≈...≈≈≈≈..≈
≈≈≈≈≈≈≈≈≈≈≈#≈≈≈#≈.≈≈≈≈≈≈(.
≈?≈≈≈≈≈≈≈#≈≈≈≈≈#.≈≈≈≈≈≈(.
≈≈≈≈≈≈≈≈≈≈≈≈≈≈≈≈≈≈≈≈≈(≈.
#≈≈≈≈≈≈#≈≈≈≈≈#≈≈≈≈)≈≈≈≈
#≈≈≈≈≈≈#≈≈≈#≈≈≈≈≈≈≈≈≈(
#≈≈≈≈≈≈#≈#≈≈[≈≈.≈≈≈≈(
≈≈≈≈≈≈≈≈≈)≈.(((.≈.


You could see Kirke, a merfolk impaler, 2 merfolk, a lindwurm, 3 harpies and 2
hogs.

Vanquished Creatures
  Saint Roka (Shoals:2)
  Norris (Snake:4)
  Nikola (Shoals:5)
  Vashnia (Snake:3)
  Polyphemus (Shoals:4)
  Rupert (Lair:4)
  Frances (Snake:4)
  Ilsuiw (Shoals:5)
  8 greater nagas
  The ghost of hcnick the Hoplite, a powerful HOFi of Beogh (Snake:5)
  Donald (Snake:3)
  Wiglaf (Snake:2)
  Aizul (Snake:2)
  Louise (Snake:3)
  7 merfolk javelineers
  5 sirens
  5 merfolk impalers
  A fire dragon (Lair:7)
  9 naga warriors
  Harold (Lair:3)
  The ghost of traurg the Fighter, an experienced TrMo (Bailey)
  3 merfolk aquamancers
  Nessos (Shoals:1)
  17 anacondas
  3 alligator snapping turtles
  8 hydras
  9 death yaks
  13 shock serpents
  22 naga sharpshooters
  Nergalle (Lair:6)
  The ghost of Nowbl the Basher, an experienced MiFi of Okawaru (D:7)
  2 catoblepae
  6 salamander mystics
  8 sea snakes
  11 naga ritualists
  Pikel (D:4)
  5 lindwurms
  5 orc knights (Bailey)
  14 harpies
  An orc sorcerer (Shoals:2)
  A water nymph (Shoals:5)
  12 griffons
  22 mana vipers
  3 fauns (Shoals:2)
  46 black mambas
  10 manticores
  8 salamanders
  3 cyclopes
  19 elephants
  6 mermaids
  A queen ant (Lair:5)
  2 drowned souls (Shoals:2)
  6 guardian serpents
  24 naga magi
  16 spiny frogs
  Psyche (D:8)
  2 fire drakes
  6 komodo dragons
  A centaur skeleton (D:11)
  3 wind drakes
  3 polar bears
  A troll (Shoals:1)
  35 merfolk
  26 blink frogs
  Prince Ribbit (D:8)
  5 giant leeches (Lair:8)
  A deep elf mage (D:10)
  12 snapping turtles
  2 flying skulls (Volcano)
  A basilisk (Lair:1)
  11 sharks
  3 hogs (Shoals:5)
  5 vampire mosquitoes (Lair:8)
  11 water elementals
  A wind drake zombie (Shoals:2)
  10 hippogriffs
  48 yaks
  An elephant slug (Lair:7)
  A deep elf fighter (D:11)
  A hungry ghost (D:8)
  4 ugly things (D:11)
  20 soldier ants (Lair:5)
  A warg (Shoals:2)
  A mottled dragon (Lair:7)
  16 water moccasins
  7 porcupines
  49 nagas
  4 wolves (Lair:1)
  A phantom (D:6)
  19 orc warriors
  A sky beast (D:10)
  A giant goldfish (Lair:8)
  2 ice beasts (D:9)
  6 ogres
  14 centaurs
  2 yellow wasps
  A big kobold (D:11)
  14 crocodiles
  Sigmund (D:5)
  6 giant slugs
  Blork the orc (D:4)
  31 giant frogs
  A gnoll sergeant (D:10)
  2 giant goldfish zombies (D:8)
  2 scorpions
  7 electric eels
  8 killer bees
  4 lava snakes (Lair:6)
  A yellow wasp zombie (D:7)
  5 crimson imps
  6 hounds
  A goliath beetle (D:6)
  4 big fish
  2 jellies
  4 orc priests
  5 iguanas
  A giant frog skeleton (D:9)
  9 orc wizards
  An orange rat (Sewer)
  25 worker ants
  46 sheep
  Jessica (D:3)
  A kobold simulacrum (D:9)
  A mummy (D:4)
  12 gnolls
  27 adders
  26 green rats
  Natasha (D:2)
  An orc skeleton (D:8)
  8 giant mites
  An inept feature mimic (D:6)
  4 worms
  4 white imps (D:9)
  2 ufetubi (D:9)
  An iguana skeleton (D:9)
  An adder skeleton (D:6)
  3 giant eyeballs
  5 giant geckos
  An ooze (D:4)
  66 orcs
  A bat zombie (D:7)
  6 giant cockroaches
  11 hobgoblins
  13 kobolds
  6 quokkas
  6 ball pythons
  A ball python zombie (D:6)
  35 bats
  13 giant newts
  9 goblins
  A hobgoblin skeleton (D:9)
  A hobgoblin zombie (D:7)
  21 jackals
  A kobold skeleton (D:7)
  A kobold zombie (D:4)
  3 orc zombies (D:4)
  45 rats
  A rat skeleton (D:8)
  2 ballistomycetes (D:9)
  A fungus (Lair:8)
  4 plants
1236 creatures vanquished.

Vanquished Creatures (others)
  A manticore (Shoals:5)
  A drowned soul (Shoals:2)
  Natasha (D:2)
  A gnoll (D:2)
  A bat (D:4)
  A giant spore (D:9)
  6 fungi
  4 plants (Shoals:4)
16 creatures vanquished.

Grand Total: 1252 creatures vanquished

Notes
Turn   | Place    | Note
--------------------------------------------------------------
     0 | D:1      | Nowbl, the Minotaur Fighter, began the quest for the Orb.
     0 | D:1      | Reached XP level 1. HP: 19/19 MP: 1/1
   169 | D:1      | Reached XP level 2. HP: 25/27 MP: 1/1
   328 | D:1      | Reached skill level 4 in Armour
   771 | D:2      | Reached XP level 3. HP: 26/33 MP: 2/2
  1490 | D:3      | Noticed Natasha
  1505 | D:2      | Killed Natasha
  1505 | D:2      | Reached XP level 4. HP: 14/40 MP: 2/2
  1602 | D:2      | Noticed Natasha
  1607 | D:2      | Killed Natasha
  1607 | D:2      | Reached skill level 5 in Armour
  1797 | D:3      | Reached XP level 5. HP: 46/46 MP: 2/2
  1819 | D:3      | Noticed Jessica
  1830 | D:3      | Killed Jessica
  1897 | D:3      | Reached skill level 5 in Shields
  1964 | D:3      | Found a white marble altar of Elyvilon.
  2493 | D:4      | Noticed Blork the orc
  2695 | D:4      | Reached XP level 6. HP: 47/52 MP: 3/3
  2698 | D:4      | Killed Blork the orc
  2698 | D:4      | Reached skill level 6 in Armour
  2980 | D:4      | Noticed a slave
  2981 | D:4      | Noticed Pikel
  2981 | D:4      | Noticed a slave
  2982 | D:4      | Noticed a slave
  3073 | D:4      | Killed Pikel
  3073 | D:4      | Reached skill level 5 in Maces & Flails
  3073 | D:4      | Reached skill level 7 in Shields
  3073 | D:4      | Reached XP level 7. HP: 58/60 MP: 3/3
  3135 | D:4      | Noticed a freed slave
  3186 | D:4      | Noticed an ogre
  3193 | D:4      | Killed an ogre
  3244 | D:5      | Entered Level 5 of the Dungeon
  3408 | D:5      | Reached skill level 8 in Shields
  3432 | D:5      | Found Facashry's Antique Armour Boutique.
  3446 | D:5      | Paralysed by a giant eyeball for 4 turns
  3469 | D:5      | Noticed Sigmund
  3480 | D:5      | Killed Sigmund
  3480 | D:5      | Reached XP level 8. HP: 67/67 MP: 3/3
  3686 | D:5      | Reached skill level 5 in Fighting
  3852 | D:6      | Found a staircase to the Ecumenical Temple.
  3899 | Temple   | Entered the Ecumenical Temple
  3908 | Temple   | Became a worshipper of Warmaster Okawaru
  3998 | D:6      | Reached skill level 9 in Shields
  4189 | D:6      | Found a glowing drain.
  4193 | Sewer    | Entered a sewer
  4864 | D:6      | Found a shattered altar of Ashenzari.
  4946 | D:6      | Found a glowing silver altar of Zin.
  5207 | D:6      | Upgraded the game from 0.14.1-2-gf595e19 to 0.14.1-3-gd16b60d
  5373 | D:7      | Reached XP level 9. HP: 74/74 MP: 4/4
  5397 | D:7      | Reached skill level 10 in Shields
  5417 | D:7      | Acquired Okawaru's first power
  5505 | D:7      | Noticed Nowbl's ghost (experienced MiFi)
  5546 | D:7      | Killed Nowbl's ghost
  5680 | D:7      | Reached skill level 11 in Shields
  5877 | D:8      | Noticed Psyche
  5970 | D:8      | Found a bloodstained altar of Trog.
  6016 | D:8      | Killed Psyche
  6334 | D:8      | Found a basalt altar of Yredelemnul.
  6448 | D:8      | Noticed Prince Ribbit
  6468 | D:8      | Killed Prince Ribbit
  6468 | D:8      | Reached XP level 10. HP: 43/83 MP: 4/4
  6636 | D:8      | Paralysed by a giant eyeball for 4 turns
  6643 | D:8      | Paralysed by a giant eyeball for 4 turns
  6755 | D:8      | Reached skill level 12 in Shields
  7014 | D:9      | Got a vibrating pewter ring
  7277 | D:9      | Reached skill level 10 in Maces & Flails
  7506 | D:9      | Reached skill level 13 in Shields
  7924 | D:8      | Acquired Okawaru's second power
  8047 | D:9      | Found Qudisept's Food Shop.
  8055 | D:9      | Bought a bread ration for 48 gold pieces
  8055 | D:9      | Bought a bread ration for 48 gold pieces
  8055 | D:9      | Bought a bread ration for 48 gold pieces
  8055 | D:9      | Bought a meat ration for 55 gold pieces
  8055 | D:9      | Bought a meat ration for 55 gold pieces
  8055 | D:9      | Bought a meat ration for 55 gold pieces
  8216 | D:9      | Found a staircase to the Orcish Mines.
  8368 | D:10     | Entered Level 10 of the Dungeon
  8393 | D:10     | Found a flagged portal.
  8401 | Bailey   | Entered a bailey
  8418 | Bailey   | Noticed traurg's ghost (experienced TrMo)
  8454 | Bailey   | Killed traurg's ghost
  8454 | Bailey   | Reached XP level 11. HP: 19/92 MP: 3/4
  8849 | Bailey   | Noticed an orc knight
  8849 | Bailey   | Noticed an orc knight
  8943 | Bailey   | Killed an orc knight
  8943 | Bailey   | Reached skill level 14 in Shields
  8965 | Bailey   | Noticed an orc knight
  8969 | Bailey   | Noticed an orc knight
  8969 | Bailey   | Noticed an orc knight
  9012 | Bailey   | Killed an orc knight
  9012 | Bailey   | Received a gift from Okawaru
  9013 | Bailey   | Got a pair of warped boots {god gift}
  9021 | Bailey   | Killed an orc knight
  9033 | Bailey   | Killed an orc knight
  9047 | Bailey   | Killed an orc knight
  9207 | Bailey   | Identified the -5 pair of boots of the Will of the Gods {rPois rC+ Int-3} (Okawaru gifted it to you in a bailey)
  9245 | D:10     | Got a dazzling spear
  9247 | D:10     | Got a brightly glowing spear
  9796 | D:10     | Identified the +6,+9 spear of Xuyqoyve {elec, rElec rPois} (You found it on level 10 of the Dungeon)
  9801 | D:10     | Identified the cursed +1,+1 spear of the Big Bang {pierce, +Blink +Rage +Fly rPois} (You found it on level 10 of the Dungeon)
 10255 | D:11     | Reached skill level 1 in Polearms
 10320 | D:11     | Reached skill level 15 in Shields
 10362 | D:11     | Identified the ring "Ynloklun" {Contam Str+2 Dam+4} (You found it on level 9 of the Dungeon)
 10381 | D:11     | Found a staircase to the Lair.
 10489 | D:11     | Reached skill level 10 in Armour
 10625 | D:11     | Reached XP level 12. HP: 92/100 MP: 5/5
 10654 | D:11     | Found Unust's Antique Weapon Shop.
 10985 | Lair:1   | Entered Level 1 of the Lair of Beasts
 11160 | Lair:1   | Noticed a six-headed hydra
 11172 | Lair:1   | Killed a six-headed hydra
 11172 | Lair:1   | Reached skill level 5 in Polearms
 11172 | Lair:1   | Reached skill level 16 in Shields
 11178 | Lair:1   | Received a gift from Okawaru
 12660 | Lair:3   | Noticed Harold
 12675 | Lair:3   | Killed Harold
 13119 | Lair:3   | Noticed a six-headed hydra
 13126 | Lair:3   | Killed a six-headed hydra
 13345 | Lair:4   | Found a staircase to the Shoals.
 13359 | Lair:4   | Noticed a six-headed hydra
 13373 | Lair:4   | Killed a six-headed hydra
 13452 | Shoals:1 | Entered Level 1 of the Shoals
 13624 | Lair:4   | Noticed Rupert
 13639 | Lair:4   | Killed Rupert
 13639 | Lair:4   | Received a gift from Okawaru
 13639 | Lair:4   | Reached skill level 17 in Shields
 13644 | Lair:4   | Got a bloodstained plate armour {god gift}
 13666 | Lair:4   | Identified the +8 plate armour "Baunai" {Int+1 Dam+3 SInv} (Okawaru gifted it to you on level 4 of the Lair of Beasts)
 13866 | Lair:4   | Reached XP level 13. HP: 107/107 MP: 5/5
 13883 | Lair:4   | Found a staircase to the Snake Pit.
 14553 | Lair:6   | Received a gift from Okawaru
 14616 | Lair:6   | Reached skill level 10 in Polearms
 14620 | Lair:6   | Noticed Nergalle
 14635 | Lair:6   | Killed Nergalle
 14635 | Lair:6   | Reached skill level 18 in Shields
 14863 | Lair:6   | Gained mutation: You are robust (+10% HP). [mutagenic glow]
 15429 | Lair:7   | Received a gift from Okawaru
 15568 | Lair:7   | Reached XP level 14. HP: 80/129 MP: 5/5
 15669 | Lair:7   | Received a gift from Okawaru
 15672 | Lair:7   | Got an ancient ring mail {god gift}
 15831 | Lair:7   | Identified the +7 ring mail "Zuaclef" {Stlth+} (Okawaru gifted it to you on level 7 of the Lair of Beasts)
 15998 | Lair:7   | Reached skill level 19 in Shields
 16249 | Lair:8   | Entered Level 8 of the Lair of Beasts
 16281 | Lair:8   | Found a dark tunnel.
 16360 | Volcano  | Entered a volcano
 17195 | Lair:8   | Got a polished crossbow
 17196 | Lair:8   | Identified the +5,+10 crossbow of Vengeance {frost, Dex+3 Stlth+} (You found it on level 8 of the Lair of Beasts)
 17243 | Lair:8   | Got an encrusted crossbow
 17244 | Lair:8   | Identified the +10,+8 crossbow of Weasui {penet, Int+3} (You found it on level 8 of the Lair of Beasts)
 17322 | Lair:8   | Received a gift from Okawaru
 17399 | Lair:8   | Found a staircase to the Slime Pits.
 17401 | Lair:8   | Found a viscous altar of Jiyva.
 17783 | Snake:1  | Entered Level 1 of the Snake Pit
 18032 | Snake:1  | Received a gift from Okawaru
 18040 | Snake:1  | Reached skill level 20 in Shields
 18188 | Snake:1  | Reached XP level 15. HP: 111/138 MP: 6/6
 18671 | Snake:1  | Reached skill level 10 in Fighting
 18812 | Snake:1  | Found Utafradu's Food Shop.
 18815 | Snake:1  | Bought a meat ration for 70 gold pieces
 18815 | Snake:1  | Bought a meat ration for 70 gold pieces
 19085 | Snake:2  | Identified a scroll of acquirement
 19105 | Snake:2  | Found Koefaw's Food Shop.
 19128 | Snake:2  | Bought a meat ration for 60 gold pieces
 19128 | Snake:2  | Bought a meat ration for 60 gold pieces
 19312 | Snake:2  | Noticed Wiglaf
 19341 | Snake:2  | Killed Wiglaf
 19647 | Snake:2  | Received a gift from Okawaru
 19650 | Snake:2  | Got a pair of faintly glowing gloves {god gift}
 19653 | Snake:2  | Identified the +2 pair of gloves of Fun {Int+2} (Okawaru gifted it to you on level 2 of the Snake Pit)
 19763 | Snake:2  | Noticed Aizul
 19788 | Snake:2  | Killed Aizul
 20192 | Snake:3  | Noticed Louise
 20210 | Snake:3  | Killed Louise
 20221 | Snake:3  | Reached skill level 21 in Shields
 20290 | Snake:3  | Reached skill level 15 in Polearms
 20586 | Snake:3  | Noticed Vashnia
 20837 | Snake:3  | Noticed Donald
 20852 | Snake:3  | Killed Donald
 21080 | Snake:3  | Killed Vashnia
 21244 | Snake:4  | Reached XP level 16. HP: 146/148 MP: 6/6
 21303 | Snake:4  | Received a gift from Okawaru
 21304 | Snake:4  | Got a steaming flail {god gift}
 21312 | Snake:4  | Identified the +4,+5 flail of Indignation {crush, rC+ rN+} (Okawaru gifted it to you on level 4 of the Snake Pit)
 21546 | Snake:4  | Noticed Frances
 21556 | Snake:4  | Killed Frances
 21569 | Snake:4  | Noticed Norris
 21589 | Snake:4  | Paralysed by Norris for 2 turns
 21606 | Snake:4  | Killed Norris
 21733 | Snake:4  | Received a gift from Okawaru
 21737 | Snake:4  | Got a twisted flail {god gift}
 21738 | Snake:4  | Identified the +6,+8 flail "Tyowoul" {crush, rElec} (Okawaru gifted it to you on level 4 of the Snake Pit)
 22215 | Snake:5  | Entered Level 5 of the Snake Pit
 22221 | Snake:5  | Reached skill level 22 in Shields
 22416 | Snake:5  | Received a gift from Okawaru
 22625 | Snake:5  | Noticed hcnick's ghost (powerful HOFi)
 22645 | Snake:5  | Killed hcnick's ghost
 23179 | Snake:5  | Reached XP level 17. HP: 150/158 MP: 6/6
 23523 | Snake:5  | Received a gift from Okawaru
 23568 | Snake:5  | Got an ancient scale mail {god gift}
 23586 | Snake:5  | Identified the +0 scale mail "Neut" {Dam+2} (Okawaru gifted it to you on level 5 of the Snake Pit)
 24294 | Snake:5  | Reached skill level 23 in Shields
 24714 | Snake:5  | Got a serpentine rune of Zot
 25068 | Lair:4   | Upgraded the game from 0.14.1-3-gd16b60d to 0.14.1-24-gbdbe590
 25177 | Lair:4   | Received a gift from Okawaru
 25191 | Lair:4   | Got a brightly glowing scale mail {god gift}
 25192 | Lair:4   | Identified the +0 scale mail "Otao" {Dex-4} (Okawaru gifted it to you on level 4 of the Lair of Beasts)
 25230 | Shoals:1 | Noticed Nessos
 25426 | Shoals:1 | Killed Nessos
 26573 | Shoals:2 | Noticed Saint Roka
 26808 | Shoals:2 | Killed Saint Roka
 27163 | Shoals:2 | Received a gift from Okawaru
 27247 | Shoals:2 | Reached XP level 18. HP: 169/169 MP: 7/7
 27478 | Shoals:2 | Reached skill level 24 in Shields
 29526 | Shoals:4 | Noticed Polyphemus
 29787 | Shoals:4 | Killed Polyphemus
 30662 | Shoals:5 | Entered Level 5 of the Shoals
 30676 | Shoals:5 | Reached skill level 15 in Armour
 30679 | Shoals:5 | Received a gift from Okawaru
 31113 | Shoals:5 | Noticed Nikola
 31127 | Shoals:5 | Killed Nikola
 31284 | Shoals:5 | Noticed Ilsuiw
 31356 | Shoals:5 | Killed Ilsuiw
 31581 | Shoals:5 | Noticed Kirke
 31601 | Shoals:5 | HP: 2/169 [merfolk impaler/trident (23)]
 31602 | Shoals:5 | Slain by a harpy

Action                   |  1- 3 |  4- 6 |  7- 9 | 10-12 | 13-15 | 16-18 || total
-------------------------+-------+-------+-------+-------+-------+-------++-------
Melee: Flail             |   128 |   168 |   403 |   391 |       |       ||  1090
       Whip              |       |       |    61 |       |       |     3 ||    64
       Mace              |       |       |       |   323 |       |       ||   323
       Spear             |       |       |       |   524 |  1462 |  1780 ||  3766
Invok: Heroism           |       |       |       |     4 |       |       ||     4
 Abil: Evoke Berserk Rag |       |       |     1 |       |       |       ||     1
Evoke: Wand              |       |       |     6 |     7 |     6 |     3 ||    22
  Use: Potion            |     1 |     2 |       |     8 |     7 |     3 ||    21
       Scroll            |       |     5 |     6 |    11 |    20 |    16 ||    58
